Map: Seeds of Aiur

Players

ILIEKEGGPIE

  • Race: Protoss Protoss
  • League: Platinum
  • Spawn Location: 1:00

STARGHOST

  • Race: Terran Terran
  • Spawn Location: 1:00

coplano

  • Race: Terran Terran
  • Spawn Location: 7:00

Boubou

  • Race: Protoss Protoss
  • Spawn Location: 7:00

VOD

Have the link to the VOD?

Description

Time

  • Played on: April 17, 2018, 6:34 p.m.
  • Length: 26:57
Show
View Real Time Build Order
Export as new Build Order

ILIEKEGGPIE Protoss 

Build Orders: Oracle Opening 

Get SALT Encoding   

  12  0:01  Probe  
  13  0:13  Probe  
  14  0:18  Pylon  
  14  0:25  Probe  
  15  0:37  Probe  
  15  0:41  Gateway  
  16  0:49  Probe  
  17  0:53  Assimilator  
  17  0:58  Assimilator, Probe  
  18  1:06  Probe  
  19  1:13  Pylon  
  19  1:23  Probe  
  20  1:30  Cybernetics Core  
  20  1:31  Probe  
  20  1:39  Probe  
  22  1:50  Probe  
  23  2:08  Stargate  
  23  2:14  Warp Gate  
  23  2:16  Stalker  
  25  2:29  Gateway  
  25  2:30  Gateway  
  25  2:37  Pylon  
  25  2:42  Oracle  
  25  2:53  Stalker  
  30  3:19  Oracle  
  33  3:30  Nexus  
  33  3:56  Oracle  
  38  4:05  Pylon  
  36  4:22  Pylon  
  36  4:29  Stalker  
  36  4:30  Stalker x2  
  42  4:33  Pylon  
  42  4:46  Phoenix  
  44  4:56  Probe  
  44  5:04  Probe  
  45  5:11  Phoenix  
  48  5:14  Probe  
  49  5:25  Stalker x2  
  51  5:31  Probe  
  51  5:34  Probe  
  50  5:39  Probe  
  51  5:44  Probe  
  51  5:47  Probe  
  53  5:55  Probe x2  
  56  6:06  Probe  
  56  6:07  Probe  
  58  6:14  Probe  
  58  6:19  Probe  
  58  6:22  Gateway x2  
  59  6:31  Probe  
  52  6:51  Stalker x3  
  55  6:57  Robotics Facility  
  55  6:59  Robotics Facility  
  55  7:00  Probe  
  55  7:01  Gateway  
  55  7:04  Probe  
  55  7:07  Gateway  
  57  7:09  Probe  
  57  7:10  Assimilator  
  57  7:11  Pylon  
  57  7:13  Assimilator  
  58  7:39  Stalker x2  
  58  7:40  Stalker x3  
  64  8:01  Immortal  
  64  8:02  Immortal  
  72  8:20  Forge  
  72  8:21  Forge  
  72  8:30  Nexus  
  72  8:41  Immortal  
  76  8:43  Protoss Ground Weapons Level 1  
  76  8:45  Protoss Ground Armor Level 1  
  76  8:54  Twilight Council  
  74  9:14  Stalker x2  
  78  9:17  Pylon  
  78  9:19  Pylon  
  69  9:40  Stalker x4  
  69  9:41  Stalker  
  78  9:59  Blink  
  78  10:20  Gateway  
  78  10:21  Gateway  
  76  10:42  Protoss Ground Weapons Level 2  
  76  11:02  Protoss Ground Armor Level 2  
  76  11:15  Assimilator  
  76  11:21  Assimilator  
  76  11:37  Nexus  
  76  11:38  Pylon  
  76  12:28  Stalker x2  
  76  12:29  Stalker x3  
  86  12:30  Stalker x4  
  94  12:46  Pylon x2  
  94  12:50  Pylon  
  94  12:53  Probe  
  95  13:01  Probe  
  96  13:11  Probe  
  96  13:15  Stalker x5  
  96  13:16  Stalker x4  
  115  13:23  Probe  
  116  13:35  Probe  
  77  14:04  Stalker  
  77  14:05  Stalker x5  
  77  14:06  Stalker x3  
  95  14:13  Probe  
  96  14:21  Probe  
  96  14:29  Probe  
  97  14:34  Protoss Ground Weapons Level 3, Probe, Protoss Ground Armor Level 3  
  97  14:35  Probe  
  97  14:37  Probe  
  101  14:46  Probe  
  101  14:47  Stalker, Probe x2  
  102  15:13  Stalker x3  
  102  15:14  Stalker  
  96  16:05  Stalker x2  
  96  16:06  Stalker x2  
  96  16:07  Stalker x3  
  96  16:09  Stalker x2  
  114  16:45  Nexus  
  114  17:17  Stalker  
  114  17:18  Stalker x5  
  114  17:19  Stalker x3  
  132  17:32  Protoss Shields Level 1  
  132  18:16  Pylon  
  132  18:18  Pylon  
  130  18:35  Assimilator  
  130  18:39  Assimilator  
  128  19:02  Stalker x6  
  132  19:03  Stalker x3  
  106  19:38  Stalker  
  106  19:39  Stalker x7  
  106  19:40  Stalker  
  110  20:15  Stalker x3  
  110  20:16  Stalker x2  
  110  20:17  Stalker x4  
  110  20:20  Pylon  
  128  20:25  Pylon  
  112  20:51  Templar Archives  
  112  20:58  Stalker  
  112  20:59  Stalker x3  
  112  21:00  Stalker x3  
  112  21:01  Stalker  
  112  21:02  Stalker  
  130  21:25  Psionic Storm  
  124  21:55  Pylon  
  124  21:56  Pylon  
  120  22:17  High Templar x5  
  120  22:20  High Templar x4  
  138  22:23  Pylon  
  138  22:25  Pylon  
  138  22:27  Pylon  
  138  22:29  Pylon  
  138  22:31  Pylon  
  118  23:16  Charge  
  118  23:19  Archon  
  92  23:24  Stalker x3  
  92  23:25  Zealot x5  
  102  23:55  High Templar x2  
  102  23:56  Zealot x3, High Templar  
  102  23:57  Zealot x2, Stalker  
  100  24:55  Zealot  
  100  24:56  Zealot, Stalker  
  100  24:57  Stalker x5  
  100  25:45  Stalker  
  100  25:46  Stalker x3  
  100  25:47  Stalker  
  100  25:48  Stalker  
  98  26:25  Stalker x3  
  98  26:26  Stalker x6  
  112  26:35  Pylon  
  112  26:39  Pylon  
  100  26:49  Pylon  
Show
View Real Time Build Order
Export as new Build Order

STARGHOST Terran 

Build Orders:  

Get SALT Encoding   

  12  0:02  SCV  
  13  0:14  SCV  
  14  0:24  Supply Depot  
  14  0:26  SCV  
  15  0:33  Refinery  
  15  0:45  SCV  
  16  0:52  Barracks  
  16  0:57  SCV  
  17  1:09  SCV  
  18  1:21  SCV  
  19  1:40  Command Center  
  19  1:42  Refinery  
  19  1:52  Factory  
  19  1:54  SCV  
  19  1:57  Marine  
  21  2:06  SCV  
  22  2:17  Supply Depot  
  22  2:18  SCV  
  23  2:39  SCV  
  24  2:44  Supply Depot  
  24  2:48  Factory Reactor  
  24  2:50  Starport  
  24  2:51  SCV  
  25  3:00  SCV  
  25  3:03  SCV  
  28  3:12  SCV  
  28  3:26  Cyclone x2  
  34  3:27  Medivac  
  36  3:34  SCV  
  36  3:39  Refinery  
  36  3:40  SCV  
  38  3:46  Marine, SCV  
  40  3:52  SCV  
  41  4:04  Cyclone x2  
  41  4:07  Orbital Command  
  47  4:22  Marine  
  48  4:24  Starport Reactor  
  40  4:56  Cyclone x2  
  46  5:04  Factory  
  46  5:05  SCV  
  47  5:16  Supply Depot  
  47  5:17  SCV  
  47  5:20  SCV  
  49  5:24  Refinery  
  49  5:30  SCV  
  49  5:32  SCV  
  51  5:37  Viking x2  
  51  5:41  Supply Depot  
  51  5:42  SCV  
  56  5:44  SCV  
  56  5:45  Barracks Tech Lab  
  56  5:48  Factory Tech Lab  
  57  5:54  SCV  
  57  5:56  SCV  
  59  5:59  Armory  
  59  6:03  Supply Depot  
  59  6:07  Viking x2  
  59  6:08  SCV  
  64  6:15  Siege Tank  
  67  6:21  SCV  
  68  6:27  Stimpack  
  68  6:30  Cyclone  
  71  6:33  SCV  
  71  6:35  Supply Depot  
  72  6:45  SCV  
  73  7:02  Thor  
  79  7:14  Viking x2  
  83  7:16  Marine  
  83  7:22  Supply Depot  
  84  7:30  Armory  
  84  7:33  Marine  
  85  7:42  Thor  
  85  7:44  Cyclone  
  85  7:45  Cyclone  
  91  7:51  Marine  
  88  8:09  Marine  
  88  8:12  Viking x2  
  93  8:27  Marine  
  94  8:47  Thor  
  92  8:57  Viking  
  94  9:04  Viking  
  94  9:06  Cyclone x2  
  99  9:27  Supply Depot  
  99  9:30  Siege Tank  
  102  9:37  Starport  
  102  9:41  Supply Depot  
  101  10:18  Starport Reactor  
  101  10:23  Factory  
  101  10:24  Viking x2  
  101  10:26  Cyclone x2  
  101  10:27  Thor  
  117  11:07  Viking x4  
  117  11:09  Factory Tech Lab  
  125  11:27  Liberator x2  
  125  11:45  Supply Depot, Thor  
  137  11:49  Supply Depot  
  137  12:02  Command Center  
  132  12:28  Thor  
  127  14:30  SCV  
  128  14:35  Refinery  
  128  14:36  Viking  
  128  14:37  Viking x3  
  136  14:39  Thor  
  136  14:40  Thor  
  136  14:42  SCV  
  136  14:43  Marine  
  150  14:54  SCV  
  151  15:01  Marine  
  151  15:06  SCV  
  153  15:18  SCV  
  153  15:19  Marine  
  151  15:22  Thor x2  
  137  15:37  Marine  
  128  15:54  Marine  
  108  16:26  Thor  
  114  16:34  Refinery  
  114  16:47  Refinery  
  74  17:43  Viking x2  
  74  17:44  Viking x2  
  80  17:50  SCV  
  83  18:02  SCV  
  84  18:10  SCV  
  85  18:13  Viking  
  85  18:14  SCV  
  88  18:22  SCV  
  88  18:26  SCV  
  90  18:34  SCV  
  90  18:35  Viking x3  
  90  18:38  SCV  
  98  18:43  Viking  
  98  18:46  SCV  
  51  18:58  SCV  
  52  19:05  Viking x2  
  56  19:52  Marine  
  57  19:56  Thor x2  
  57  19:59  Viking x2  
  169  20:00  Viking x2  
  73  20:05  Terran Vehicle And Ship Armor Level 1  
  73  20:06  Terran Vehicle Weapons Level 1  
  77  20:10  Marine  
  78  20:17  SCV  
  79  20:24  SCV  
  79  20:28  Marine  
  81  20:29  SCV, Viking x3  
  81  20:30  Viking  
  90  20:36  SCV  
  91  20:46  Marine  
  91  20:47  Thor  
  91  20:48  SCV  
  99  21:00  SCV  
  99  21:03  Marine  
  101  21:13  SCV  
  102  21:32  Command Center  
  102  21:41  Viking x2  
  102  21:42  Viking x2  
  110  22:16  Marine  
  110  22:19  Viking x2  
  110  22:20  Viking x2  
  110  22:21  Thor  
  110  22:22  Thor  
  131  22:23  Terran Vehicle And Ship Armor Level 2  
  131  22:34  Marine  
  132  22:52  Marine  
  129  23:10  Marine  
  89  23:28  Marine  
  83  23:55  Thor x2  
  95  23:57  Marine  
  95  24:00  Viking x2  
  95  24:01  Viking x2  
  104  24:08  Refinery  
  104  24:09  SCV  
  98  24:11  Refinery  
  98  24:15  Marine  
  99  24:21  SCV  
  100  24:33  Marine, SCV  
  102  24:46  SCV  
  102  24:51  Marine  
  104  24:58  SCV  
  105  25:09  Marine  
  69  26:01  SCV  
  68  26:13  SCV  
  63  26:18  Viking x2  
  63  26:19  Viking x2  
  63  26:25  SCV  
  84  26:37  SCV  
Show
View Real Time Build Order
Export as new Build Order

coplano Terran 

Build Orders:  

Get SALT Encoding   

  12  0:01  SCV  
  13  0:13  SCV  
  14  0:25  Supply Depot  
  14  0:27  SCV  
  15  0:47  SCV  
  15  0:48  Barracks  
  16  0:58  Barracks  
  16  1:10  Refinery, SCV  
  17  1:33  Command Center  
  17  1:38  Marine  
  18  1:42  SCV  
  19  1:52  Supply Depot  
  19  1:54  SCV  
  19  2:00  Barracks Tech Lab  
  20  2:02  Marine  
  20  2:07  SCV  
  22  2:22  Orbital Command  
  22  2:25  Barracks Reactor  
  22  2:28  Marine  
  23  2:45  SCV  
  23  2:49  Marauder, Refinery  
  26  2:54  SCV  
  26  2:58  SCV  
  28  3:04  Engineering Bay  
  28  3:09  Refinery  
  28  3:10  Marauder  
  30  3:15  Orbital Command  
  30  3:18  Marine  
  31  3:21  Marine  
  32  3:27  SCV  
  32  3:30  Terran Infantry Weapons Level 1  
  33  3:34  Supply Depot  
  32  3:55  Marine x2  
  32  3:56  Marine  
  32  4:02  SCV, Missile Turret  
  36  4:11  SCV, Missile Turret  
  36  4:14  Stimpack, SCV  
  38  4:18  Supply Depot  
  38  4:24  SCV  
  39  4:27  SCV  
  38  4:39  SCV  
  35  4:49  Marauder, Marine x2  
  35  4:51  SCV  
  37  5:03  SCV  
  38  5:07  Marine x2  
  38  5:10  Marine  
  41  5:25  Marine x2, Missile Turret  
  41  5:28  Marine  
  44  5:29  SCV  
  44  5:34  Factory  
  45  5:40  Missile Turret  
  45  5:41  SCV  
  46  5:42  Marine  
  46  5:43  Marine  
  46  5:46  Marauder  
  50  5:53  Supply Depot, SCV  
  50  5:54  Terran Infantry Armor Level 1  
  51  6:00  Marine x2  
  52  6:05  SCV  
  52  6:08  Marauder  
  55  6:15  Concussive Shells  
  55  6:18  Marine x2  
  55  6:19  SCV  
  55  6:25  Factory  
  58  6:29  Marauder, SCV  
  58  6:31  SCV  
  62  6:40  Marine, Missile Turret  
  62  6:41  Marine, SCV  
  62  6:43  SCV  
  63  6:50  Marauder  
  65  6:56  Factory Tech Lab  
  65  6:58  Marine x2  
  65  6:59  Missile Turret  
  67  7:01  Starport  
  67  7:04  SCV  
  68  7:08  Missile Turret  
  68  7:12  Marauder  
  70  7:19  Supply Depot  
  70  7:20  Factory Tech Lab  
  70  7:28  Missile Turret  
  70  7:36  Refinery  
  70  7:38  Missile Turret  
  70  7:40  Marine x2  
  70  7:41  Marauder, Medivac, SCV  
  77  7:44  Starport  
  77  7:50  Siege Tank  
  74  7:53  SCV  
  58  8:02  Marauder  
  58  8:05  SCV  
  61  8:06  Siege Tank  
  61  8:07  Marine x2  
  66  8:18  Supply Depot  
  66  8:29  Cyclone  
  66  8:33  Starport Reactor  
  69  8:39  Starport Tech Lab  
  69  8:40  Supply Depot  
  69  8:49  Missile Turret  
  69  9:01  Marauder, Marine  
  69  9:02  Marine  
  73  9:04  Cyclone  
  73  9:09  Missile Turret  
  76  9:14  Cyclone  
  79  9:19  Marine x2  
  79  9:23  Marauder  
  81  9:37  Marine x2  
  83  9:41  Supply Depot  
  83  9:44  Marine  
  84  9:50  Siege Tank  
  87  9:55  Marine x2  
  89  10:02  Marauder  
  89  10:03  Siege Tank  
  94  10:13  Marine x2  
  96  10:21  Supply Depot  
  96  10:22  Siege Tank  
  96  10:23  Marauder, Missile Turret  
  101  10:42  Command Center  
  101  10:44  Marine  
  101  10:45  Marauder, Marine  
  101  10:46  Medivac x2  
  109  10:51  Armory  
  109  11:03  Supply Depot  
  109  11:07  Fusion Core  
  109  11:18  Marine  
  110  11:24  Marauder, Marine  
  113  11:25  Supply Depot  
  113  11:36  Siege Tank  
  113  11:37  Missile Turret  
  116  11:43  Terran Infantry Weapons Level 2  
  116  11:45  Terran Vehicle Weapons Level 1  
  116  11:46  Marauder  
  118  11:49  Starport, Supply Depot  
  118  11:58  Missile Turret  
  118  12:01  Orbital Command  
  118  12:06  Refinery  
  118  12:17  Thor  
  118  12:22  Command Center  
  124  12:27  Medivac x2  
  128  12:49  Viking  
  130  12:56  Viking  
  130  12:57  Viking  
  134  13:00  Supply Depot  
  134  13:03  Supply Depot  
  134  13:12  Starport Tech Lab  
  134  13:22  Supply Depot  
  134  13:26  Supply Depot  
  134  13:34  Missile Turret  
  134  13:39  Terran Vehicle And Ship Armor Level 1  
  53  14:10  Battlecruiser  
  53  14:11  Battlecruiser  
  53  14:14  Marine x3  
  68  14:18  SCV  
  68  14:24  Refinery  
  68  14:28  Siege Tank x2  
  68  14:29  Liberator  
  68  14:30  SCV  
  75  14:32  Marine x2  
  75  14:33  Marauder  
  79  14:42  SCV  
  83  14:54  Marauder, SCV  
  86  15:00  Siege Tank  
  86  15:06  SCV  
  90  15:15  Marauder  
  90  15:19  Battlecruiser  
  90  15:29  Terran Infantry Armor Level 2  
  90  15:33  Terran Vehicle Weapons Level 2  
  70  15:37  Marauder  
  55  15:58  Marauder  
  57  16:05  Supply Depot  
  57  16:07  Marine x2  
  59  16:19  Marauder, SCV  
  59  16:25  Marine x2  
  64  16:26  Refinery  
  64  16:31  SCV  
  65  16:41  Marauder  
  65  16:43  Marine x2, SCV  
  70  16:55  SCV  
  70  17:00  Marine x2  
  73  17:02  Marauder  
  73  17:07  SCV  
  76  17:18  Marine x2  
  76  17:19  SCV  
  79  17:24  Marauder  
  81  17:31  SCV  
  81  17:35  Banshee  
  81  17:36  Marine  
  86  17:37  Banshee  
  90  17:45  Marauder  
  90  17:49  Terran Vehicle And Ship Armor Level 2  
  85  18:03  Marine x2  
  85  18:06  Marauder  
  87  18:20  Marine  
  87  18:21  Marine  
  80  18:28  Marauder  
  70  18:38  Marine x2  
  61  18:58  Marauder, Marine x2  
  65  19:04  Cyclone  
  68  19:16  Marine x2  
  70  19:20  Marauder  
  72  19:34  Marine x2  
  74  19:43  Marine, Cyclone  
  78  19:52  Marine x2  
  80  20:01  Orbital Command  
  79  20:28  SCV  
  80  21:00  Refinery  
  80  21:02  SCV  
  80  21:03  Refinery  
  81  21:36  Terran Infantry Weapons Level 3  
  81  21:38  Terran Vehicle And Ship Armor Level 3  
  81  21:41  Medivac  
  81  21:45  Medivac  
  85  21:49  SCV  
  86  22:01  SCV  
  86  22:04  Siege Tank  
  90  22:17  SCV  
  91  22:25  Medivac  
  91  22:27  Marauder  
  91  22:29  SCV  
  96  22:39  Siege Tank  
  96  22:41  SCV  
  100  22:48  Marauder  
  37  23:24  Marine x3  
  36  23:41  Marine  
  36  23:42  Marine x2  
  36  23:52  Siege Tank  
  39  23:59  Marine x2  
  39  24:00  Marauder  
  37  24:17  Marine x2  
  37  24:22  Marauder  
  36  24:35  Marine x2  
  38  24:43  Marauder  
  24  24:53  Marine x2  
Show
View Real Time Build Order
Export as new Build Order

Boubou Protoss 

Build Orders: Oracle Opening 

Get SALT Encoding   

  12  0:04  Probe  
  13  0:21  Pylon  
  13  0:22  Probe  
  14  0:34  Probe  
  15  0:41  Gateway  
  15  0:46  Probe  
  16  1:02  Forge  
  16  1:05  Probe  
  16  1:06  Pylon  
  16  1:10  Assimilator  
  17  1:13  Probe  
  18  1:23  Probe  
  19  1:31  Assimilator  
  19  1:34  Pylon  
  19  1:35  Probe  
  20  1:42  Cybernetics Core  
  20  1:47  Probe  
  21  1:59  Probe  
  21  2:01  Photon Cannon  
  22  2:11  Probe  
  22  2:13  Pylon  
  23  2:21  Warp Gate  
  23  2:43  Nexus  
  23  2:47  Pylon  
  23  3:02  Stargate  
  23  3:10  Stargate  
  23  3:18  Photon Cannon  
  23  3:31  Pylon  
  23  3:40  Probe  
  24  3:52  Probe  
  25  3:56  Oracle  
  25  3:57  Oracle  
  31  4:05  Photon Cannon  
  31  4:10  Probe x2  
  33  4:22  Probe  
  35  4:24  Probe  
  35  4:26  Pylon  
  35  4:34  Probe  
  30  4:58  Photon Cannon  
  30  5:01  Photon Cannon  
  30  5:08  Pylon  
  30  5:09  Assimilator, Probe x2  
  32  5:21  Probe x2  
  31  5:35  Void Ray  
  28  5:37  Probe  
  28  5:38  Probe  
  34  5:45  Probe  
  34  5:46  Probe  
  35  5:55  Probe x2  
  36  5:59  Void Ray  
  42  6:07  Probe x2  
  44  6:20  Photon Cannon  
  44  6:23  Assimilator  
  44  6:25  Probe x2  
  44  6:26  Photon Cannon  
  46  6:33  Probe x2  
  48  6:41  Void Ray  
  48  6:42  Probe x2  
  54  6:49  Void Ray  
  58  7:03  Photon Cannon  
  58  7:05  Photon Cannon  
  58  7:06  Protoss Shields Level 1  
  58  7:19  Probe  
  59  7:31  Probe  
  60  7:40  Nexus  
  60  7:42  Void Ray  
  60  7:43  Pylon, Probe  
  65  7:46  Pylon  
  65  7:52  Void Ray  
  69  8:13  Shield Battery  
  69  8:14  Shield Battery  
  69  8:15  Photon Cannon  
  69  8:21  Photon Cannon  
  69  8:24  Shield Battery  
  69  8:25  Pylon  
  69  8:28  Void Ray  
  73  8:46  Robotics Facility  
  69  9:11  Void Ray x2  
  77  9:20  Probe x3  
  80  9:32  Probe x2  
  78  9:54  Void Ray x2  
  78  10:11  Twilight Council  
  78  10:14  Pylon x2  
  78  10:18  Fleet Beacon  
  78  10:20  Stargate  
  78  10:21  Stargate  
  78  10:36  Photon Cannon x2  
  78  10:37  Void Ray x2  
  78  10:38  Photon Cannon  
  78  10:39  Photon Cannon  
  78  10:41  Assimilator  
  86  10:45  Assimilator  
  86  11:07  Templar Archives, Carrier x2  
  98  11:12  Protoss Air Weapons Level 1  
  98  11:29  Cybernetics Core  
  98  11:39  Photon Cannon  
  98  11:40  Shield Battery  
  98  11:46  Shield Battery x2  
  98  11:57  Pylon, Photon Cannon  
  98  11:59  Carrier  
  98  12:00  Carrier  
  110  12:07  Protoss Air Armor Level 1  
  106  12:43  Carrier x2  
  118  13:04  Shield Battery, Photon Cannon  
  118  13:05  Pylon  
  118  13:07  Photon Cannon  
  118  13:26  Protoss Air Weapons Level 2  
  118  13:53  Carrier x2  
  130  14:05  Photon Cannon  
  130  14:06  Photon Cannon  
  130  14:08  Shield Battery x2, Carrier  
  136  14:10  Pylon  
  136  14:12  Pylon  
  136  14:14  Psionic Storm  
  136  14:42  Protoss Air Armor Level 2  
  136  15:04  Gateway  
  136  15:06  Gateway  
  136  15:11  Graviton Catapult, Gateway  
  96  16:09  Tempest x4  
  120  16:23  Photon Cannon  
  120  16:32  Photon Cannon  
  120  16:34  Photon Cannon  
  120  16:51  Tempest  
  120  16:52  Tempest x3  
  119  17:34  Tempest x3  
  119  17:35  Tempest  
  143  17:47  Shield Battery  
  143  17:48  Shield Battery  
  143  17:51  Shield Battery  
  143  17:53  Shield Battery  
  143  17:54  Shield Battery  
  143  17:56  Pylon  
  142  18:18  Tempest x2  
  130  19:41  Nexus  
  130  19:45  High Templar x4  
  138  20:19  Tempest x4  
  162  20:30  Assimilator  
  162  20:34  Assimilator  
  156  20:59  Observer  
  157  21:11  Protoss Air Weapons Level 3  
  157  21:21  Observer  
  158  21:28  Pylon  
  158  21:31  Pylon  
  158  21:34  Pylon  
  158  21:42  Observer  
  158  21:43  High Templar x2  
  163  22:04  Observer  
  164  22:21  Tempest x2  
  156  23:17  Archon  
  156  23:19  Archon  
  60  23:34  Stalker  
  60  23:35  Stalker x3  
  64  23:42  Carrier  
  64  23:43  Carrier  
  75  24:14  Stalker x4  
  83  24:30  Protoss Shields Level 2  
  83  24:32  Carrier  
  89  24:38  Zealot x3  
  89  24:39  Zealot  
  75  25:06  Tempest  
  79  25:08  Tempest x2  
  79  25:10  Stalker x2  
  79  25:11  Stalker x2  
  91  25:49  Tempest  
  97  25:51  Tempest  
  103  26:12  Tempest x2  
  127  26:43  Photon Cannon x2  
  127  26:46  Pylon  
Tags
 
Add a new tag
Caveats
  • Supply blocks, unpowered buildings, or Contaminate may cause inaccurate times.
  • Supply counts are checked every 10 seconds.